 Dungeon Crawl Stone Soup version 0.29-a0-620-g13ace881f2 (webtiles) character file.

Game seed: 7844816277135612117

2867 IdlyInterested the Slicer (level 9, -7/68 HPs)
             Began as a Demonspawn Gladiator on June 18, 2022.
             Mangled by an orc warrior
             ... wielding a +0 battleaxe
              (13 damage)
             ... on level 6 of the Dungeon.
             The game lasted 00:25:17 (5170 turns).

IdlyInterested the Slicer (Demonspawn Gladiator)    Turns: 5170, Time: 00:25:17

Health: -7/68      AC: 23    Str: 16    XL:     9   Next: 47%
Magic:  12/12      EV:  6    Int: 11    God:
Gold:   341        SH:  0    Dex: 16    Spells: 12/12 levels left

rFire   . . .      SeeInvis .   a - +2 rapier (protect)
rCold   . . .      Faith    .   (no shield)
rNeg    . . .      Spirit   .   n - +0 plate armour
rPois   .          Reflect  .   t - +1 helmet
rElec   .          Harm     .   (no cloak)
rCorr   .          Rampage  .   x - +0 pair of gloves
Will    .....                   (no boots)
Stlth   ..........              (no amulet)
HPRegen 0.21/turn               (no ring)
MPRegen 0.13/turn               (no ring)

@: under a protective aura
A: hooves 2, yellow scales 1, demonic magic 2
a: no special abilities


You were on level 6 of the Dungeon.
You visited 2 branches of the dungeon, and saw 7 of its levels.
You also visited: Sewer.

You collected 341 gold pieces.

Inventory:

Hand Weapons
 a - a +2 rapier of protection (weapon)
Missiles
 e - 3 javelins
 h - 212 stones (quivered)
 i - 9 boomerangs
 v - 2 throwing nets
Armour
 b - a +0 leather armour
 f - a +0 ring mail
 l - an orb of guile
 m - a +0 chain mail
 n - a +0 plate armour (worn)
 q - an orb of energy
 t - a +1 helmet (worn)
 x - a +0 pair of gloves (worn)
Wands
 d - a wand of polymorph (1)
Scrolls
 c - 2 scrolls of teleportation
 j - 5 scrolls of identify
 k - 2 scrolls of immolation
 o - 2 scrolls of blinking
Potions
 p - a potion of resistance
 r - a potion of attraction
 s - a potion of curing
 u - 2 potions of mutation
 w - 2 potions of ambrosia
 z - a potion of magic
 A - a potion of haste


   Skills:
 - Level 5.0 Fighting
 * Level 9.1 Short Blades
 - Level 2.0 Throwing
 - Level 2.0 Armour
 - Level 5.0 Dodging
 * Level 3.4 Stealth
 - Level 2.0 Spellcasting
 + Level 2.3 Invocations
 - Level 3.0 Evocations


You had 12 spell levels left.
You didn't know any spells.
Your spell library contained the following spells:

 Spells                   Type           Power      Damage    Failure   Level
 Sting                    Tmut/Pois      4%         1d3       100%        1
 Poisonous Vapours        Pois/Air       2%         N/A       100%        2
 Olgreb's Toxic Radiance  Pois           1%         N/A       100%        4
 Fireball                 Conj/Fire      0%         3d3       100%        5
 Iskenderun's Battlesphe  Conj           1%         2d6       100%        5
 Conjure Ball Lightning   Conj/Air       0%         3x3d6     100%        6
 Orb of Destruction       Conj           0%         9d5       100%        7


Dungeon Overview and Level Annotations

Branches:
Dungeon (6/15)             Temple (1/1) D:4           Sewer (visited)

Altars:
Cheibriados
Elyvilon
Fedhas
Gozag
Hepliaklqana
Kikubaaqudgha
Makhleb
Okawaru
Qazlal
Ru
Sif Muna
Trog
Wu Jian
Yredelemnul
Zin
The Shining One

Shops:
D:3 :


Innate Abilities, Weirdness & Mutations

You have hoof-like feet.
You are partially covered in yellow scales. (AC +2)
Spells you cast may paralyse nearby enemies.


Message History

The orc warrior is moderately wounded.
You closely miss the orc warrior.
You kick the orc warrior, but do no damage.
The orc warrior is moderately wounded.
The orc warrior hits you with a +0 battleaxe.
You hit the orc warrior but do no damage.
You kick the orc warrior.
The orc warrior is heavily wounded.
The orc warrior hits you with a +0 battleaxe.
You hit the orc warrior.
You kick the orc warrior, but do no damage.
The orc warrior is heavily wounded.
The orc warrior barely misses you.
You barely miss the orc warrior.
You kick the orc warrior, but do no damage.
The orc warrior is heavily wounded.
You puncture the orc warrior! Your kick misses the orc warrior.
The orc warrior is almost dead.
The orc warrior hits you with a +0 battleaxe!
* * * LOW HITPOINT WARNING * * *
You completely miss the orc warrior.
You kick the orc warrior, but do no damage.
The orc warrior is almost dead.
The orc warrior barely misses you.
You hit the orc warrior but do no damage.
You kick the orc warrior, but do no damage.
The orc warrior is almost dead.
The orc warrior hits you with a +0 battleaxe!
* * * LOW HITPOINT WARNING * * *
You hit the orc warrior but do no damage.
You kick the orc warrior, but do no damage.
The orc warrior is almost dead.
You closely miss the orc warrior.
The orc warrior is almost dead.
The orc warrior closely misses you.
You hit the orc warrior but do no damage.
You kick the orc warrior, but do no damage.
The orc warrior is almost dead.
The orc warrior hits you with a +0 battleaxe!
You die... ... oo. ... ... ..# oo#

##'##..#
#..#o..##.
#..'...'.. ..
#..##### ...
#.)##..# ...#
#.)@o(.##...##..#
#.))..(.........#
#......(........#
#.......(.......#
#......##(..##..#
#......##.(.##..#
#......#........#
#..##..##.....<.#
#..######.......#


You could see an orc warrior.

Vanquished Creatures
  A two-headed ogre (D:5)
  The ghost of porpoise the Archer, a novice TeHu of Hepliaklqana (D:5)
  Grinder (D:4)
  Sigmund (D:3)
  Eustachio (D:4)
  A water moccasin (D:5)
  An orc warrior (D:6)
  2 ice beasts (D:5)
  An ogre (D:5)
  A centaur (D:5)
  2 necrophages
  2 bullfrogs (Sewer)
  2 scorpions
  An orc priest (D:6)
  3 hounds
  3 iguanas
  3 orc wizards (D:3)
  A river rat (D:3)
  9 adders
  3 white imps
  2 ufetubi
  2 dart slugs
  2 worms
  22 orcs
  4 bats
  12 endoplasms
  16 giant cockroaches
  11 goblins
  9 hobgoblins
  9 quokkas
  13 ball pythons
  9 frilled lizards
  5 kobolds
  4 rats
160 creatures vanquished.

Notes
Turn   | Place    | Note
-------+----------+-------------------------------------------
     0 | D:1      | IdlyInterested the Demonspawn Gladiator began the quest for
                  | the Orb.
     0 | D:1      | Reached XP level 1. HP: 16/16 MP: 1/1
    81 | D:1      | Gained mutation: You have large cloven feet. [demonic
                  | ancestry]
    81 | D:1      | Reached XP level 2. HP: 22/22 MP: 2/2
    88 | D:1      | Reached skill level 1 in Stealth
   150 | D:1      | Reached skill level 3 in Short Blades
   178 | D:1      | Reached skill level 1 in Armour
   316 | D:1      | Found a faded altar of an unknown god.
   391 | D:1      | Gained mutation: You have hoof-like feet. [demonic
                  | ancestry]
   391 | D:1      | Reached XP level 3. HP: 27/27 MP: 3/3
  1327 | D:3      | Reached skill level 1 in Spellcasting
  1338 | D:3      | Reached XP level 4. HP: 33/33 MP: 5/5
  1493 | D:3      | Reached skill level 1 in Evocations
  1497 | D:3      | Reached XP level 5. HP: 5/38 MP: 6/6
  1540 | D:3      | Found a glowing drain.
  1544 | Sewer    | Entered a sewer
  1966 | Sewer    | Reached skill level 4 in Short Blades
  1989 | Sewer    | Reached skill level 1 in Invocations
  2185 | Sewer    | Reached XP level 6. HP: 39/44 MP: 7/7
  2317 | D:3      | Found an iron altar of Okawaru.
  2482 | D:3      | Noticed Sigmund
  2496 | D:3      | Killed Sigmund
  2497 | D:3      | Reached skill level 5 in Short Blades
  2497 | D:3      | Gained mutation: You are partially covered in yellow
                  | scales. (AC +2) [demonic ancestry]
  2497 | D:3      | Reached XP level 7. HP: 50/52 MP: 8/8
  2933 | D:3      | Found Atresm's Book Shoppe.
  3330 | D:4      | Found a staircase to the Ecumenical Temple.
  3338 | Temple   | Entered the Ecumenical Temple
  3550 | D:4      | Noticed Grinder
  3559 | D:4      | HP: 2/53 [ufetubus (3)]
  3567 | D:4      | Killed Grinder
  3568 | D:4      | Reached skill level 6 in Short Blades
  3859 | D:4      | Noticed Eustachio
  3880 | D:4      | Killed Eustachio
  3881 | D:4      | Gained mutation: Spells you cast may paralyse adjacent
                  | enemies. [demonic ancestry]
  3881 | D:4      | Reached XP level 8. HP: 59/61 MP: 11/11
  4178 | D:5      | Entered Level 5 of the Dungeon
  4206 | D:5      | Reached skill level 5 in Fighting
  4239 | D:5      | Reached skill level 7 in Short Blades
  4847 | D:5      | Found a runed translucent gate.
  4847 | D:5      | Found a runed translucent gate.
  4847 | D:5      | Found a runed translucent gate.
  4848 | D:5      | Found an opulent altar of Gozag.
  4849 | D:5      | Noticed porpoise's ghost (novice TeHu)
  4849 | D:5      | Noticed a two-headed ogre
  4863 | D:5      | Killed a two-headed ogre
  4863 | D:5      | Killed porpoise's ghost
  4864 | D:5      | Reached skill level 9 in Short Blades
  4864 | D:5      | Reached skill level 5 in Dodging
  4864 | D:5      | Gained mutation: Spells you cast may paralyse nearby
                  | enemies. [demonic ancestry]
  4864 | D:5      | Reached XP level 9. HP: 48/68 MP: 12/12
  5170 | D:6      | Mangled by an orc warrior

Illustrated notes

Levels and vault maps discovered:
D:1:      dpeg_arrival_tiny_d, layout_rooms, hellmonk_ecumenical_altar_blasted,
          minmay_misc_feat_diagonals
D:2:      layout_rooms, eino_curves_02
D:3:      layout_basic, okawaru_metal_pillars_1_2, serial_shops,
          nicolae_lakefront_shop, gup_sewer_entry_bowl, uniq_sigmund
D:4:      layout_cave_pools, minmay_temple_entry_wispy, uniq_eustachio,
          uniq_grinder
D:5:      layout_rooms, ebering_ghost_gozag, eino_tiny_chamber
D:6:      layout_gridville, serial_demonic, serial_demonic_d, serial_demonic_b,
          serial_demonic_a, serial_demonic_b, kennysheep_generic_room_12
Temple:   regret_index_temple_waves

Skill      XL: |  1  2  3  4  5  6  7  8 |
---------------+-------------------------+-----
Stealth        | 1 2 3 |  3.4
Short Blades   | 3 4 5 6 9 |  9.1
Armour         | 1 2 |  2.0
Spellcasting   | 1 2 |  2.0
Evocations     | 1 3 |  3.0
Invocations    | 1 2 |  2.3
Dodging        | 3 5 |  5.0
Fighting       | 3 4 5 |  5.0
Throwing       | 2 |  2.0

Action                   |  1- 3 |  4- 6 |  7- 9 || total
-------------------------+-------+-------+-------++-------
Melee: Rapier            |    25 |       |   139 ||   164
       Short sword       |    58 |   220 |   106 ||   384
       Kick              |    18 |    54 |    65 ||   137
       Punch             |     2 |     3 |       ||     5
Throw: Stone             |       |    14 |     9 ||    23
       Throwing net      |       |     3 |       ||     3
       Boomerang         |       |       |     1 ||     1
  Use: Scroll            |     6 |       |    19 ||    25
       Potion            |       |       |     3 ||     3
Armor: Ring mail         |    31 |       |       ||    31
       Chain mail        |     7 |   136 |   161 ||   304
       Skin              |       |       |    61 ||    61
       Plate armour      |       |       |     2 ||     2
Dodge: Dodged            |    39 |    82 |   115 ||   236

Table legend: (Time is in decaauts)
 A = Elapsed time spent in this place.
 B = Non-inter-level travel time spent in this place.
 C = Inter-level travel time spent in this place.
 D = Time resting spent in this place.
 E = Time spent auto-exploring this place.
 F = Levels seen in this place.
 G = Mean time per level.
                   A        B        C        D        E       F      G
               +--------+--------+--------+--------+--------+-----+--------+
         Total |   5154 |   5010 |    144 |    806 |   2714 |   8 |  644.2 |
       Dungeon |   4285 |   4141 |    144 |    575 |   2427 |   6 |  714.2 |
        Temple |    127 |    127 |      0 |      0 |    100 |   1 |  127.0 |
         Sewer |    741 |    741 |      0 |    231 |    186 |   1 |  741.0 |
               +--------+--------+--------+--------+--------+-----+--------+

Top non-repeatable levels by time:
     D:3: 1144 daAuts
     D:4: 891 daAuts
     D:1: 874 daAuts
     D:5: 820 daAuts
   Sewer: 741 daAuts
     D:2: 428 daAuts
  Temple: 127 daAuts
     D:6: 125 daAuts
